 Dungeon Crawl Stone Soup version 0.20.1-1-g8b1a95d (console) character file.

2023 Kloppie the Spear-Bearer (level 9, 0/69 HPs)
             Began as a Merfolk Gladiator on Aug 5, 2017.
             Was a Follower of Okawaru.
             Killed from afar by Pikel (14 damage)
             ... with a wand of lightning (?/15)
             ... on level 7 of the Dungeon.
             The game lasted 00:09:23 (5514 turns).

Kloppie the Spear-Bearer (Merfolk Gladiator)        Turns: 5514, Time: 00:09:23

Health: 0/69       AC:  9    Str: 15    XL:     9   Next: 23%
Magic:  0/9        EV: 19    Int:  7    God:    Okawaru [*.....]
Gold:   377        SH:  0    Dex: 18    Spells: 8/8 levels left

rFire    . . .     SeeInvis .   a - +0 halberd
rCold    . . .     Gourm    .   (shield currently unavailable)
rNeg     . . .     Faith    .   P - +0 leather armour
rPois    .         Spirit   +   c - +0 helmet
rElec    .         Reflect  .   g - +0 cloak
rCorr    .         Harm     .   C - +0 pair of gloves (curse)
MR       .....                  k - +2 pair of boots
Stlth    +.........             L - amulet of guardian spirit
Regen    0.3/turn               (no ring)
MPRegen  0.2/turn               (no ring)

@: no status effects
A: change form in water, swift swim, stealthy swim
a: Heroism, Renounce Religion


You were on level 7 of the Dungeon.
You worshipped Okawaru.
Okawaru was aware of your devotion.
You were not hungry.

You visited 2 branches of the dungeon, and saw 8 of its levels.

You collected 377 gold pieces.

Inventory:

Hand Weapons
 a - a +0 halberd (weapon)
 b - a +2 trident
Missiles
 d - 2 throwing nets (quivered)
Armour
 c - a +0 helmet (worn)
 g - a +0 cloak (worn)
 k - a +2 pair of boots (worn)
 C - a cursed +0 pair of gloves (worn)
 P - a +0 leather armour (worn)
Jewellery
 L - an amulet of guardian spirit (around neck)
Wands
 u - a wand of paralysis (24/24)
 y - a wand of digging (12/24)
 B - a wand of polymorph (5/24)
 E - a wand of polymorph (18/24)
Scrolls
 i - 5 scrolls of remove curse
 j - a scroll of blinking
 m - a scroll of amnesia {unknown}
 r - a scroll of fog {unknown}
 w - 2 scrolls of teleportation
 D - a scroll of enchant weapon
 G - a scroll of magic mapping {unknown}
 H - 4 scrolls of identify
 M - a scroll of enchant armour {unknown}
Potions
 e - a potion of agility
 l - a potion of might {unknown}
 n - 3 potions of curing {unknown}
 o - a potion of lignification {unknown}
 p - a potion of mutation {unknown}
 q - 2 potions of heal wounds {unknown}
 s - a potion of flight {unknown}
 z - a potion of resistance {unknown}
 A - 2 potions of magic {unknown}
 F - a potion of ambrosia {unknown}
 I - 3 potions of haste {unknown}
 J - a potion of brilliance {unknown}
 K - a potion of degeneration {unknown}
 N - a potion of berserk rage {unknown}
Books
 O - a book of Frost

   Spells                             Type                      Level
   a - Freeze                         Ice                          1
   b - Throw Frost                    Conjuration/Ice              2
   c - Ozocubu's Armour               Charms/Ice                   3
   d - Throw Icicle                   Conjuration/Ice              4
   e - Summon Ice Beast               Ice/Summoning                4
Comestibles
 f - 5 bread rations
 h - 3 fruits
 t - 2 royal jellies
 v - 4 meat rations
 x - 8 chunks of flesh


   Skills:
 - Level 5.9 Fighting
 + Level 12.4 Polearms
 - Level 2.0 Throwing
 + Level 9.3 Dodging


You had 8 spell levels left.
You didn't know any spells.

Dungeon Overview and Level Annotations

Branches:
Dungeon (7/15)             Temple (1/1) D:6

Altars:
Ashenzari
Cheibriados
Elyvilon
Fedhas
Gozag
Hepliaklqana
Makhleb
Nemelex Xobeh
Okawaru
Qazlal
Ru
Sif Muna
Trog
Uskayaw
Vehumet
Xom
Yredelemnul
Zin
The Shining One

Annotations:
D:3 Theopeo's ghost, amateur MfGl
D:7 Pikel


Message History

It is a wand of lightning (?/15).
You are too injured to fight recklessly!
You are too injured to fight recklessly!
You are too injured to fight recklessly!
You are too injured to fight recklessly!
You are too injured to fight recklessly!
Throwing (i - inventory):
d - 3 throwing nets (quivered)
Press: ? - help, Shift-Dir - straight line, f/p - slave
Aim: a slave, wearing an animal skin You throw a throwing net.
The throwing net hits Pikel.
Pikel is caught in the net!
Pikel struggles against the net.
You hit Pikel.
Pikel is lightly wounded.
You strike the helpless Pikel from behind!
You hit Pikel but do no damage.
Pikel is lightly wounded.
Pikel zaps a wand.
The bolt of lightning hits you!
* * * LOW HITPOINT WARNING * * *
The bolt of lightning hits you!
You die...

###########
#..@Kpppp..
#.#########
#.# #.# .# #.#
####.# ####.#
#....##
#..#.##
#.....#
#.....# #####
#.....#
#....)#####...
......


You could see Pikel (caught) and 4 slaves.

Vanquished Creatures
  Prince Ribbit (D:7)
  A hippogriff (D:7)
  Eustachio (D:6)
  A sky beast (D:5)
  2 ogres
  3 phantoms (D:4)
  A centaur (D:6)
  A big kobold (D:7)
  A bullfrog (D:6)
  2 scorpions
  A bullfrog zombie (D:4)
  A hound (D:6)
  An orc priest (D:4)
  A bullfrog skeleton (D:7)
  An iguana (D:6)
  Ijyb (D:5)
  4 orc wizards
  3 worker ants
  A hound skeleton (D:5)
  A howler monkey zombie (D:6)
  A worker ant zombie (D:6)
  4 gnolls
  12 adders
  3 shadow imps
  3 oozes
  3 worms
  A dart slug (D:1)
  2 leopard geckos
  22 orcs
  A ball python (D:1)
  5 giant cockroaches
  11 goblins
  6 hobgoblins
  5 jackals
  2 quokkas
  12 bats
  5 frilled lizards
  A giant cockroach zombie (D:5)
  9 kobolds
  10 rats
147 creatures vanquished.

Notes
Turn   | Place    | Note
-------+----------+-------------------------------------------
     0 | D:1      | Kloppie the Merfolk Gladiator began the quest for the Orb.
     0 | D:1      | Reached XP level 1. HP: 16/16 MP: 1/1
   228 | D:1      | Reached XP level 2. HP: 22/22 MP: 2/2
   249 | D:1      | Reached skill level 5 in Polearms
   258 | D:1      | Reached XP level 3. HP: 16/27 MP: 3/3
   342 | D:1      | Reached skill level 5 in Dodging
   740 | D:2      | Found a faded altar of an unknown god.
   781 | D:2      | Reached XP level 4. HP: 33/33 MP: 4/4
   985 | D:2      | Found a radiant altar of Vehumet.
  1050 | D:2      | Reached skill level 6 in Polearms
  1210 | D:2      | Reached XP level 5. HP: 31/38 MP: 5/5
  1519 | D:3      | Noticed Theopeo's ghost (amateur MfGl)
  1816 | D:3      | Found a sparkling altar of Nemelex Xobeh.
  1955 | D:3      | Reached skill level 7 in Polearms
  1995 | D:4      | Noticed a phantom
  2030 | D:4      | Noticed a phantom
  2049 | D:4      | Killed a phantom
  2049 | D:4      | Reached XP level 6. HP: 25/44 MP: 6/6
  2238 | D:4      | Killed a phantom
  2238 | D:4      | Reached skill level 8 in Polearms
  2637 | D:4      | Reached XP level 7. HP: 39/50 MP: 7/7
  2665 | D:4      | Reached skill level 9 in Polearms
  3405 | D:5      | Entered Level 5 of the Dungeon
  3444 | D:5      | Reached skill level 10 in Polearms
  3444 | D:5      | Reached XP level 8. HP: 43/61 MP: 8/8
  3959 | D:5      | Noticed Ijyb
  3963 | D:5      | Killed Ijyb
  4212 | D:6      | Reached skill level 5 in Fighting
  4500 | D:6      | Noticed Eustachio
  4520 | D:6      | Killed Eustachio
  4520 | D:6      | Reached skill level 11 in Polearms
  4919 | D:6      | Found a staircase to the Ecumenical Temple.
  4926 | Temple   | Entered the Ecumenical Temple
  5031 | Temple   | Became a worshipper of Warmaster Okawaru
  5309 | D:7      | Noticed a hippogriff
  5323 | D:7      | Killed a hippogriff
  5323 | D:7      | Reached skill level 12 in Polearms
  5323 | D:7      | Reached XP level 9. HP: 58/69 MP: 6/9
  5374 | D:7      | Noticed Prince Ribbit
  5405 | D:7      | Killed Prince Ribbit
  5405 | D:7      | Reached * piety under Okawaru
  5502 | D:7      | Noticed Pikel
  5514 | D:7      | Killed from afar by Pikel

Skill      XL: |  1  2  3  4  5  6  7  8  9 |
---------------+----------------------------+-----
Polearms       | 5 6 7 8 10 12 | 12.4
Dodging        | 5 6 7 8 9 |  9.3
Fighting       | 4 5 |  5.9
Throwing       | |  2.0

Action                   |  1- 3 |  4- 6 |  7- 9 || total
-------------------------+-------+-------+-------++-------
Melee: Trident           |   104 |   212 |   336 ||   652
       Halberd           |       |       |    10 ||    10
Throw: Throwing net      |       |     2 |     1 ||     3
  Use: Scroll            |       |     2 |     7 ||     9
 Stab: Sleeping          |     2 |     1 |     3 ||     6
       Held in net/web   |       |       |     1 ||     1
  Eat: Chunk             |       |     6 |     9 ||    15
Armor: Leather armour    |    24 |    35 |    58 ||   117
Dodge: Dodged            |    74 |   123 |   176 ||   373
